nht, chaotic female elven Wizard ----- |.<..### |...|# ------- -----# |..... ## |...-------- # ##....|+++|..------- # % |...|+++|.. .....| # ### |...|.. -|--.._..| # # |..[-|---..|..... | # ### |..........| [. .| # # |........{.-W+---- .........| # # |.........@@@@a................| # # |...-|---@..@.......-+-- --- # # |...|...|-------.---- # # |...|+((| #---+----# |...|(.(| #-......|# |...----- |.......# |... -------- ----- nht the Conjurer Experience level: 5 Strength: 10 Dexterity: 15 Constitution: 11 Intelligence: 20 Wisdom: 12 Charisma: 9 Health: 0(30) Energy: 18(51) Def: 1 Gold: 196 Moves: 758 Dungeon seed: B5oAy0_IKjs7hHp1 Game ID: nht_1430720990 Your Inventory: Coins $ - 196 gold pieces Amulets s - an uncursed amulet of reflection (being worn) Weapons a - a blessed +1 quarterstaff (weapon in hands) H - 9 +0 crossbow bolts Armor e - an uncursed +0 cloak of magic resistance (being worn) Comestibles w - 4 uncursed fortune cookies M - an uncursed food ration O - an uncursed partly eaten food ration Scrolls j - an uncursed scroll of create monster k - an uncursed scroll of earth x - an uncursed scroll of magic mapping A - an uncursed scroll of enchant armor B - an uncursed scroll of identify Spellbooks l - a blessed spellbook of force bolt m - a blessed spellbook of magic missile n - an uncursed spellbook of haste self G - an uncursed spellbook of create monster Potions f - an uncursed potion of fruit juice g - an uncursed potion of water h - an uncursed potion of gain energy r - an uncursed potion of sleeping J - a cursed potion of gain ability Rings c - an uncursed ring of polymorph control d - an uncursed ring of sustain ability Wands b - a wand of light (0:14) u - a wand of enlightenment (0:10) Tools i - an uncursed oil lamp (0:1166) o - a magic marker (0:32) p - an uncursed wooden harp t - an uncursed blindfold v - an uncursed lock pick C - 21 uncursed tallow candles (0:200) F - an uncursed wax candle (0:400) I - an uncursed magic whistle Gems q - an uncursed worthless piece of blue glass y - 3 uncursed worthless pieces of white glass z - an uncursed worthless piece of black glass D - 4 uncursed worthless pieces of red glass Y - 2 uncursed worthless pieces of green glass Spells known in the end: Name Level Category Fail Memory a - force bolt 1 attack 0% 97% b - magic missile 2 attack 0% 97% c - haste self 3 escape 71% 97% Your skills at the end: Fighting Skills Weapon Skills quarterstaff [Basic] Spellcasting Skills attack spells [Basic] enchantment spells [Basic] Final Attributes: You were piously aligned. You were sleep resistant. You were magic-protected. You had infravision. You had reflection. You were lucky. You are dead. Vanquished creatures: a dwarf lord a fog cloud 5 gnome lords a gnomish wizard a black naga hatchling 4 dwarves an iguana an acid blob a hobbit a large kobold 14 gnomes a fox a sewer rat 4 grid bugs a lichen 2 newts 40 creatures vanquished. Voluntary challenges: You were an atheist. You used a wielded weapon 42 times, starting on turn 48. You read items or engraved 3 times, starting on turn 127. You never genocided any monsters. You never polymorphed an object. You never changed form. You used no wishes. You never split a pudding. You wrote Elbereth's name 3 times, starting on turn 127. You never violated your personal moral code. Dungeon overview: The Dungeons of Doom: levels 1 to 3 Level 1 a long staircase Level 2 stairs to The Gnomish Mines Level 3 The Gnomish Mines: levels 3 to 5 Level 3 stairs to The Dungeons of Doom Level 4 Level 5 <- You were here some shops, a temple to Ptah , a fountain History has recorded: On T:1 you entered the Dungeons of Doom to retrieve the Amulet of Yendor! On T:124 you reached level 2 of The Dungeons of Doom. On T:189 you reached level 3 of The Dungeons of Doom. On T:326 you reached level 1 of The Gnomish Mines. On T:354 you advanced to experience level 2. On T:394 you advanced to experience level 3. On T:433 you advanced to experience level 4. On T:487 you reached level 2 of The Gnomish Mines. On T:501 you advanced to experience level 5. On T:671 you reached level 3 of The Gnomish Mines. Score breakdown: Gold: 196 ( 7804 points) Experience: 5 levels (11141 points) Exploration: 5 levels ( 10.42%) ( 8751 points) Discoveries: 4 items ( 1.45%) ( 3611 points) Valuables value: (no points given unless you survive) Artifact value: 0 ( 0 points) Variety of kills: 16 monsters ( 4.22%) ( 6163 points) Time penalty: 758 turns ( 0 points) Survival: died (score multiplied by 80%) Total score: 29976 Latest messages: The spell hits the soldier ant! The soldier ant bites! The soldier ant stings! You die... Final status: Goodbye nht the Wizard, killed by a soldier ant... You died in The Gnomish Mines on dungeon level 5 with 29976 points, and 196 pieces of gold, after 758 moves. You were level 5 with a maximum of 30 hit points when you died.